 Dungeon Crawl Stone Soup version 0.27-a0-887-gcab673c142 (webtiles) character file.

Game seed: 4268190597655482315

9307 mhtbhm the Cleaver (level 11, -18/95 HPs)
             Began as a Minotaur Fighter on Apr 3, 2021.
             Was a Priest of Trog.
             Demolished by a large slime creature (26 damage)
             ... on level 1 of the Lair of Beasts.
             The game lasted 00:13:00 (9893 turns).

mhtbhm the Cleaver (Minotaur Fighter)               Turns: 9893, Time: 00:13:01

Health: -18/95     AC: 25    Str: 23    XL:     11   Next: 21%
Magic:  10/10      EV:  7    Int:  1    God:    Trog [***...]
Gold:   673        SH: 28    Dex: 11    Spells: 10/10 levels left

rFire    . . .     SeeInvis .   a - +4 hand axe (venom)
rCold    . . .     Faith    .   c - +10 tower shield of Ignorance {rN+ Int-4}
rNeg     + . .     Spirit   .   b - +2 chain mail {rPois}
rPois    +         Reflect  .   (helmet restricted)
rElec    .         Harm     .   l - scarf {shadows}
rCorr    .         Rampage  .   (no gloves)
Will     .....                  F - +2 pair of boots
Stlth    ..........             g - amulet of regeneration
HPRegen  1.25/turn              n - +4 ring of protection
MPRegen  0.12/turn              G - ring of the Tortoise {AC+8}

@: corroded, berserk cooldown, slowed, very slow
A: horns 2, retaliatory headbutt
a: Renounce Religion, Berserk, Trog's Hand


You were on level 1 of the Lair of Beasts.
You worshipped Trog.
Trog was most pleased with you.
You visited 3 branches of the dungeon, and saw 11 of its levels.
You also visited: Bailey.

You collected 673 gold pieces.

Inventory:

Hand Weapons
 a - a +4 hand axe of venom (weapon)
 I - a +1 war axe of flaming
Missiles
 d - 8 curare-tipped darts (quivered)
 j - 71 poisoned darts
 H - 3 datura-tipped darts
 K - a throwing net
Armour
 b - a +2 chain mail of poison resistance (worn)
 c - the +10 tower shield of Ignorance (worn) {rN+ Int-4}
   (You found it on level 9 of the Dungeon)

   It affects your intelligence (-4).
   It protects you from negative energy.
 l - a scarf of shadows (worn)
 F - a +2 pair of boots (worn)
Jewellery
 g - an amulet of regeneration (around neck)
 n - a +4 ring of protection (left hand)
 v - the amulet of Yttimiqoy {RegenMP rElec rPois Slay-2 Stlth+}
   (You found it on level 7 of the Dungeon)

   [amulet of magic regeneration]

   It increases your rate of magic regeneration.
   It affects your accuracy and damage with ranged weapons and melee attacks
   (-2).
   It insulates you from electricity.
   It protects you from poison.
   It makes you more stealthy.
 E - a ring of protection from fire
 G - the ring of the Tortoise (right hand) {AC+8}
   (You found it on level 7 of the Dungeon)

   [ring of protection]

   It affects your AC (+8).
Wands
 o - a wand of iceblast (9)
 q - a wand of random effects (17)
 u - a wand of flame (11)
Scrolls
 i - 2 scrolls of summoning
 p - 3 scrolls of fog
 s - 3 scrolls of teleportation
 y - a scroll of holy word
 C - 2 scrolls of noise
 D - 2 scrolls of enchant weapon
 J - 3 scrolls of immolation {unknown}
 L - a scroll of enchant armour
 N - 5 scrolls of identify
 O - a scroll of blinking {unknown}
Potions
 e - 2 potions of attraction
 f - a potion of resistance
 h - 5 potions of magic {unknown}
 k - 3 potions of heal wounds {unknown}
 m - 5 potions of mutation {unknown}
 r - 2 potions of berserk rage
 t - 2 potions of might
 w - 2 potions of flight {unknown}
 x - 7 potions of curing {unknown}
 z - a potion of experience {unknown}
 A - a potion of invisibility {unknown}
 B - a potion of haste {unknown}
 M - a potion of lignification {unknown}


   Skills:
 + Level 8.4 Fighting
 + Level 12.1 Axes
 + Level 0.9 Throwing
 + Level 10.7 Armour
 + Level 4.7 Dodging
 + Level 1.7 Stealth
 + Level 10.4 Shields
 + Level 0.4 Unarmed Combat


You had 10 spell levels left.
You didn't know any spells.
Your spell library contained the following spells:

 Spells                   Type           Power      Damage    Failure   Level
 Animate Skeleton         Necr           0%         N/A       100%        1
 Apportation              Tloc           0%         N/A       100%        1
 Corona                   Hex            0%         N/A       100%        1
 Summon Small Mammal      Summ           0%         N/A       100%        1


Dungeon Overview and Level Annotations

Branches:
Dungeon (9/15)             Temple (1/1) D:6            Lair (1/6) D:9
 Bailey (visited)
    Orc: D:9-12

Altars:
Ashenzari
Cheibriados
Fedhas
Gozag
Kikubaaqudgha
Makhleb
Nemelex Xobeh
Okawaru
Qazlal
Ru
Sif Muna
Trog
Uskayaw
Vehumet
Wu Jian
Yredelemnul
Zin
The Shining One

Shops:
D:8 :

Annotations:
Lair:1 thegreatwait's ghost, journeyman GrEE


Innate Abilities, Weirdness & Mutations

You have a pair of horns on your head.
You reflexively headbutt those who attack you in melee.


Message History

The large slime creature hits you!!
The slime creature hits you but does no damage.
Thegreatwait's ghost hits you but does no damage.
The large slime creature completely misses you.
The slime creature hits you but does no damage.
Thegreatwait's ghost gestures at you while chanting.
The bolt of magma hits you. The large slime creature hits you!
You hear the loud beating of a distant drum.
The slime creature hits you but does no damage.
Thegreatwait's ghost points at you and mumbles some strange words.
You resist with significant effort. The large slime creature hits you!!
The slime creature hits you.
Thegreatwait's ghost hits you but does no damage.
The large slime creature hits you!
You are no longer berserk.
You feel yourself slow down. The slime creature hits you!
Thegreatwait's ghost hits you but does no damage.
The large slime creature hits you but does no damage.
You turn to flesh and can move again.
You barely miss thegreatwait's ghost.
Thegreatwait's ghost is moderately damaged.
You hit the slime creature but do no damage.
You completely miss the large slime creature.
The slime creature hits you but does no damage.
Thegreatwait's ghost hits you but does no damage.
You block the large slime creature's attack.
You block the slime creature's attack.
You hit thegreatwait's ghost but do no damage.
Thegreatwait's ghost is moderately damaged.
You hit the slime creature.
The slime creature looks as sick as possible!
You slash the large slime creature!
You block thegreatwait's ghost's attack.
You block the large slime creature's attack.
You block the slime creature's attack.
Thegreatwait's ghost casts a spell at you.
The bolt of magma hits you!!!
* * * LOW HITPOINT WARNING * * *
The large slime creature hits you!!
You die...

##.......[....
##.............
###............#
#.....#.##..####
##.....####..#
###..#.### #..#
#.....## #..##
###...## ###...###
##...### #...@J..#
#....# ###'WJ###
....## ##.....##
.....## #.......#
..P...## #.......#
.###.>.##
###.......# #
##...###.##.)[..##
##..##...#
##......#


You could see a large slime creature (very poisoned), a slime creature
(extremely poisoned) and thegreatwait's ghost.

Vanquished Creatures
  Harold (D:8)
  A two-headed ogre (D:9)
  An orc knight (Bailey)
  Joseph (D:9)
  A gargoyle (D:9)
  A cane toad (Lair:1)
  Maggie (D:8)
  Psyche (D:8)
  A komodo dragon (D:9)
  A rime drake (Lair:1)
  Grinder (D:4)
  2 vampires (D:7)
  A wraith (D:7)
  3 yaks (Lair:1)
  Grum (D:8)
  A steam dragon (D:8)
  The ghost of Zeld the Conjurer, an amateur HuCj (D:3)
  Menkaure (D:4)
  Duvessa (D:6)
  2 orc warriors
  An ice beast (D:7)
  A sky beast (D:6)
  A black bear (D:6)
  4 ogres
  2 wolves (D:8)
  2 centaurs (D:5)
  A phantom (D:7)
  2 kobold brigands
  4 bullfrogs
  2 gnoll sergeants (D:8)
  3 scorpions (D:6)
  Dowan (D:6)
  A water moccasin zombie (D:7)
  A water moccasin skeleton (D:6)
  10 wights
  2 howler monkeys
  2 centaur zombies
  3 bullfrog zombies
  A hound (D:5)
  4 jellies
  A gnoll shaman (D:3)
  4 orc priests
  A bullfrog skeleton (D:5)
  3 iguanas
  Ijyb (D:4)
  Terence (D:2)
  5 orc wizards
  2 killer bee zombies
  A howler monkey zombie (D:9)
  Robin (D:3)
  27 gnolls
  7 adders
  A worm (D:2)
  A dart slug (D:7)
  18 orcs
  5 endoplasms
  2 giant cockroaches (D:3)
  11 goblins
  18 hobgoblins
  9 jackals
  40 kobolds
  3 quokkas (D:1)
  8 ball pythons
  3 bats
  4 frilled lizards
  6 rats
255 creatures vanquished.

Vanquished Creatures (others)
  2 fungi
  89 plants
91 creatures vanquished.

Grand Total: 346 creatures vanquished

Notes
Turn   | Place    | Note
-------+----------+-------------------------------------------
     0 | D:1      | mhtbhm the Minotaur Fighter began the quest for the Orb.
     0 | D:1      | Reached XP level 1. HP: 19/19 MP: 0/0
   230 | D:1      | Reached XP level 2. HP: 27/27 MP: 1/1
   495 | D:1      | Reached skill level 3 in Axes
  1209 | D:2      | Reached XP level 3. HP: 33/33 MP: 2/2
  1349 | D:2      | Found a faded altar of an unknown god.
  1626 | D:2      | Noticed Terence
  1630 | D:2      | Killed Terence
  1631 | D:2      | Reached XP level 4. HP: 40/40 MP: 3/3
  2174 | D:3      | Reached skill level 4 in Axes
  2261 | D:3      | Reached skill level 5 in Armour
  2529 | D:3      | Reached XP level 5. HP: 46/46 MP: 4/4
  2553 | D:3      | Reached skill level 1 in Dodging
  2695 | D:3      | Found a runed translucent gate.
  2695 | D:3      | Found a runed translucent gate.
  2695 | D:3      | Found a runed translucent gate.
  2697 | D:3      | Noticed Zeld's ghost (amateur HuCj)
  2838 | D:3      | Noticed Robin
  2843 | D:3      | Killed Robin
  3207 | D:3      | Killed Zeld's ghost
  3208 | D:3      | Reached skill level 5 in Axes
  3208 | D:3      | Reached skill level 1 in Stealth
  3208 | D:3      | Reached XP level 6. HP: 45/53 MP: 5/5
  3306 | D:4      | Noticed Ijyb
  3313 | D:4      | Noticed Grinder
  3314 | D:4      | Killed Ijyb
  3328 | D:4      | Killed Grinder
  3329 | D:4      | Reached skill level 5 in Fighting
  3329 | D:4      | Reached skill level 6 in Axes
  3329 | D:4      | Reached skill level 5 in Shields
  3329 | D:4      | Reached XP level 7. HP: 57/61 MP: 6/6
  3377 | D:4      | Found a glowing silver altar of Zin.
  3510 | D:4      | Noticed Menkaure
  3524 | D:4      | Killed Menkaure
  3980 | D:5      | Entered Level 5 of the Dungeon
  4194 | D:5      | Reached XP level 8. HP: 69/69 MP: 7/7
  4263 | D:5      | Reached skill level 7 in Axes
  4414 | D:5      | Found a burning altar of Makhleb.
  4862 | D:6      | Reached skill level 8 in Axes
  4964 | D:6      | Reached XP level 9. HP: 73/75 MP: 8/8
  5012 | D:6      | Noticed Dowan
  5013 | D:6      | Noticed Duvessa
  5026 | D:6      | Killed Duvessa
  5034 | D:6      | Killed Dowan
  5148 | D:6      | Reached skill level 9 in Axes
  5293 | D:6      | Found a hide-covered altar of Uskayaw.
  5302 | D:6      | Found a staircase to the Ecumenical Temple.
  5541 | Temple   | Entered the Ecumenical Temple
  5660 | Temple   | Became a worshipper of Trog the Wrathful
  5799 | D:7      | Identified the amulet of Yttimiqoy {RegenMP rElec rPois
                  | Slay-2 Stlth+}
  5808 | D:7      | Found a basalt altar of Yredelemnul.
  5808 | D:7      | Found an ancient bone altar of Kikubaaqudgha.
  5809 | D:7      | Found the ring of the Tortoise {AC+8}
  5810 | D:7      | Found a transporter.
  5970 | D:7      | Found a snail-covered altar of Cheibriados.
  6381 | D:7      | Found a transporter.
  6399 | D:7      | Reached skill level 10 in Axes
  6445 | D:7      | Reached * piety under Trog
  6857 | D:7      | Found a blossoming altar of Fedhas.
  7108 | D:8      | Noticed Grum
  7236 | D:8      | Reached ** piety under Trog
  7366 | D:8      | Found a flagged portal.
  7366 | D:8      | Noticed Psyche
  7377 | D:8      | Killed Psyche
  7378 | D:8      | Reached XP level 10. HP: 86/86 MP: 3/9
  7432 | Bailey   | Entered a bailey
  7528 | Bailey   | Noticed an orc knight
  7607 | Bailey   | Killed an orc knight
  7760 | D:8      | Noticed Maggie
  7774 | D:8      | Killed Maggie
  7947 | D:8      | Killed Grum
  7947 | D:8      | Reached *** piety under Trog
  7973 | D:8      | Found a sparkling altar of Nemelex Xobeh.
  8013 | D:8      | Found Wiot's Book Shoppe.
  8295 | D:8      | Noticed Harold
  8316 | D:8      | Killed Harold
  8317 | D:8      | Reached skill level 11 in Axes
  8723 | D:9      | Noticed a gargoyle
  8754 | D:9      | Killed a gargoyle
  8834 | D:9      | Reached skill level 10 in Shields
  8860 | D:9      | Noticed Joseph
  8875 | D:9      | Killed Joseph
  8876 | D:9      | Reached skill level 10 in Armour
  8884 | D:9      | Noticed a two-headed ogre
  8892 | D:9      | Killed a two-headed ogre
  8893 | D:9      | Reached XP level 11. HP: 86/94 MP: 10/10
  8961 | D:9      | Reached skill level 12 in Axes
  8965 | D:9      | Found a broken altar of Ashenzari.
  9146 | D:9      | Found the +10 tower shield of Ignorance {rN+ Int-4}
  9513 | D:9      | Found a staircase to the Lair.
  9735 | Lair:1   | Entered Level 1 of the Lair of Beasts
  9866 | Lair:1   | Found a runed translucent gate.
  9866 | Lair:1   | Found a runed translucent gate.
  9866 | Lair:1   | Found a runed translucent gate.
  9870 | Lair:1   | Noticed thegreatwait's ghost (journeyman GrEE)
  9893 | Lair:1   | Demolished by a large slime creature

Illustrated notes

Levels and vault maps discovered:
D:1:      co_arrival_random_square_maze, layout_basic
D:2:      layout_basic, ebering_ecumenical_altar_ruins, uniq_terence
D:3:      layout_basic, gammafunk_ghost_nasty_kobolds, uniq_robin
D:4:      layout_rooms, zin_academy, guppyfry_early_lair_pool, uniq_grinder,
          uniq_ijyb, uniq_menkaure
D:5:      layout_loops_ring, lightli_temple_of_fire,
          chequers_serial_rivers_micro_a
D:6:      layout_rooms, general_overflow_altar, minmay_temple_entry_trees,
          uniq_duvessa
D:7:      kennysheep_kobold_camp, layout_loops_ring, fedhas_altar_fruit_tree,
          gammafunk_temple_of_torment, kennysheep_slug_shrine,
          grunt_decor_arrowhead
D:8:      layout_layer_cave, nemelex_spade_bored_becter, serial_shops,
          nicolae_shop_competitors_out_of_business, enter_bailey_6, uniq_psyche,
          uniq_grum, uniq_maggie, uniq_harold
D:9:      layout_loops_ring, evilmike_ruin_ashenzari, david_lair_shrubbed,
          serial_bayou_pond_d, uniq_joseph
Temple:   minmay_temple_curvy_loop
Lair:1:   layout_concentric_octagons, gammafunk_ghost_endoplasm,
          gauntlet_entry_generic, lemuel_fruit_fields

Skill      XL: |  1  2  3  4  5  6  7  8  9 10 11 |
---------------+----------------------------------+-----
Armour         | 4 5 6 7 8 10 | 10.7
Axes           | 3 4 5 6 8 10 11 12 | 12.1
Fighting       | 4 5 6 7 8 |  8.4
Shields        | 4 5 7 8 10 | 10.4
Dodging        | 1 2 3 4 |  4.7
Stealth        | 1 |  1.7
Throwing       | |  0.9
Unarmed Combat | |  0.4

Action                   |  1- 3 |  4- 6 |  7- 9 | 10-12 || total
-------------------------+-------+-------+-------+-------++-------
Melee: War axe           |    53 |       |       |       ||    53
       Headbutt          |    11 |    18 |    68 |    61 ||   158
       Broad axe         |    27 |     6 |       |       ||    33
       Hand axe          |       |   100 |   337 |   261 ||   698
       Unarmed           |       |       |     1 |       ||     1
Throw: Dart              |       |       |     8 |       ||     8
Invok: Berserk           |       |       |     1 |     3 ||     4
  Use: Scroll            |       |     3 |     9 |     2 ||    14
       Potion            |       |     2 |     1 |       ||     3
Armor: Scale mail        |    35 |    10 |       |       ||    45
       Ring mail         |       |    39 |       |       ||    39
       Chain mail        |       |     3 |   155 |    94 ||   252
Dodge: Dodged            |    22 |    37 |    77 |    61 ||   197
Block: Kite shield       |    43 |    59 |   169 |    99 ||   370
       Tower shield      |       |       |       |    51 ||    51

Table legend: (Time is in decaauts)
 A = Elapsed time spent in this place.
 B = Non-inter-level travel time spent in this place.
 C = Inter-level travel time spent in this place.
 D = Time resting spent in this place.
 E = Time spent auto-exploring this place.
 F = Levels seen in this place.
 G = Mean time per level.
                   A        B        C        D        E       F      G
               +--------+--------+--------+--------+--------+-----+--------+
         Total |   9989 |   9833 |    156 |    716 |   6731 |  12 |  832.4 |
       Dungeon |   9344 |   9188 |    156 |    669 |   6378 |   9 | 1038.2 |
        Temple |    172 |    172 |      0 |      0 |    150 |   1 |  172.0 |
          Lair |    155 |    155 |      0 |      0 |     90 |   1 |  155.0 |
        Bailey |    316 |    316 |      0 |     47 |    113 |   1 |  316.0 |
               +--------+--------+--------+--------+--------+-----+--------+

Top non-repeatable levels by time:
     D:7: 1335 daAuts
     D:8: 1297 daAuts
     D:3: 1237 daAuts
     D:2: 1079 daAuts
     D:1: 1061 daAuts
     D:9: 1005 daAuts
     D:5: 876 daAuts
     D:6: 762 daAuts
     D:4: 687 daAuts
  Bailey: 316 daAuts
  Temple: 172 daAuts
  Lair:1: 155 daAuts
